 Dungeon Crawl Stone Soup version 0.30-a0-728-gc68057be0a (webtiles) character file.

Game seed: 961740152574885056

457 kae the Digger (level 7, -2/36 HPs)
             Began as a Gargoyle Earth Elementalist on Jan 30, 2023.
             Frozen to death by an endoplasm (4 damage)
             ... on level 4 of the Dungeon.
             The game lasted 00:03:53 (2821 turns).

kae the Digger (Gargoyle Earth Elementalist)        Turns: 2821, Time: 00:03:54

Health: -2/36      AC: 15    Str: 12    XL:     7   Next: 6%
Magic:  4/12       EV:  9    Int: 21    God:
Gold:   280        SH:  0    Dex: 10    Spells: 3/13 levels left

rFire   + . .      SeeInvis .    g - staff of fire {!a}
rCold   . . .      Faith    .    (no shield)
rNeg    + . .      Spirit   .    i - +3 scale mail of the Sun {rElec rPois rCorr Int+4}
rPois   ∞          Reflect  .    (no helmet)
rElec   +          Harm     .    (no cloak)
rCorr   +          Rampage  .    (no gloves)
Will    .....                    h - +0 pair of boots Stlth
                                 (no amulet)
HPRegen 0.26/turn                (no ring)
MPRegen 0.13/turn                (no ring)

@: no status effects
A: sickness immunity, AC +4, negative energy resistance 1, electricity
resistance, torment resistance 1, petrification resistance
a: no special abilities


You were on level 4 of the Dungeon.
You visited 1 branch of the dungeon, and saw 4 of its levels.

You collected 280 gold pieces.


Innate Abilities, Weirdness & Mutations

You are immune to sickness and miasma.
Your stone body is resilient. (AC +4)
You are immune to poison.
You resist negative energy. (rN+)
You are resistant to electric shocks. (rElec)
You are resistant to unholy torment.
You are immune to petrification.


   Skills:
 + Level 2.8 Armour
 - Level 1.5 Dodging
 - Level 2.1 Stealth
 + Level 3.6 Spellcasting
 * Level 2.0 Conjurations
 - Level 0.7 Transmutations
 * Level 7.1 Earth Magic


You had 3 spell levels left.
You knew the following spells:

 Your Spells              Type           Power      Damage    Failure   Level
a - Sandblast             Erth           66%        2d15      3%          1
b - Stone Arrow           Conj/Erth      46%        3d9       28%         3
c - Passwall              Tmut/Erth      16%        N/A       19%         2
d - Petrify               Tmut/Erth      20%        N/A       77%         4

Your spell library contained the following spells:

 Spells                   Type           Power      Damage    Failure   Level
 Apportation              Tloc           6%         N/A       54%         1
 Necrotise                Necr           12%        1d4       54%         1
 Summon Small Mammal      Summ           12%        N/A       54%         1

Inventory:

Missiles
 c - 21 stones
 e - 4 poisoned darts
Armour
 a - a +0 robe
 h - a +0 pair of boots (worn)
   (You found it on level 1 of the Dungeon)
 i - the +3 scale mail of the Sun (worn) {rElec rPois rCorr Int+4}
   (You took it off a hobgoblin on level 1 of the Dungeon)

   Int:       It affects your intelligence (+4).
   rElec:     It insulates you from electricity.
   rPois:     It protects you from poison.
   rCorr:     It protects you from acid and corrosion.
Magical Staves
 g - a staff of fire (weapon) {!a}
   (You found it on level 1 of the Dungeon)
 p - a staff of cold {!a}
   (You found it on level 3 of the Dungeon)
Jewellery
 L - a ring of flight
   (You found it on level 3 of the Dungeon)
Scrolls
 j - a scroll of torment {!r}
 r - a scroll of vulnerability {unknown}
 s - 2 scrolls of identify {@r1}
Potions
 b - a potion of magic
 d - a potion of invisibility {unknown}
 f - a potion of might {unknown}
 k - a potion of berserk rage {unknown}
 l - a potion of haste {@q3}
 m - a potion of curing {unknown}
 n - a potion of resistance {unknown}
 o - a potion of cancellation {unknown}
 q - a potion of brilliance {unknown}
 t - a potion of flight {unknown}
 u - a potion of ambrosia {unknown}

Dungeon Overview and Level Annotations

Branches:
Dungeon (4/15) Zot: 21107
 Temple: D:4-7

Altars:
Nemelex Xobeh
Sif Muna
Uskayaw
Yredelemnul
The Shining One

Annotations:
D:3 2 transporters, Athor's ghost, amateur FoHu

## #....#.#
#####.. #.
####...##.### ...
#.##...####...[#
....
#.#....#[......#
.....
#.#.[..#.#.....##
#.....##.........
###.###..........
#....h.........
#...@g..†......
###..J.........
#..........##
#..........#
##......#....
#......# ...
#.....?# ..
######## .


You could see a howler monkey (catching breath), an endoplasm and a hobgoblin.


Message History

Press: ? - help, Shift-Dir - straight line, f/p - scorpion
Aim: a scorpion (severely wounded, 84% to hit)
The blast of sand hits the scorpion.
The hobgoblin shouts!
The howler monkey hits you.
The scorpion stings you but does no damage.
The howler monkey hits you but does no damage.
The scorpion stings you but does no damage.
The endoplasm freezes you.
You are frozen.
Casting: Sandblast (safe; 3% risk of failure)
Confirm with . or Enter, or press ? or * to list all spells.
Aiming: Sandblast (safe; 3% risk of failure)
Press: ? - help, Shift-Dir - straight line, f/p - scorpion
Aim: a scorpion (almost dead, 84% to hit)
The blast of sand misses the scorpion.
The howler monkey hits you.
The scorpion stings you but does no damage.
The endoplasm hits you but does no damage.
The scorpion stings you but does no damage.
The howler monkey hoots and howls with incredible vigour!
The endoplasm hits you but does no damage.
Unknown command. 😮 HP[-6] MP[-3]
You take 6 damage, and now have 24/32 hp.
You lost 3 mp, and now have 6/11 mp.
Casting: Sandblast (safe; 3% risk of failure)
Confirm with . or Enter, or press ? or * to list all spells.
Aiming: Sandblast (safe; 3% risk of failure)
Press: ? - help, Shift-Dir - straight line, f/p - scorpion
Aim: a scorpion (almost dead, 84% to hit)
The blast of sand hits the scorpion but does no damage.
The howler monkey hits you but does no damage.
The scorpion stings you. The endoplasm barely misses you.
The scorpion stings you.
* * * LOW HITPOINT WARNING * * *
The howler monkey closely misses you.
Your magical contamination has completely faded away. 😨 HP[-8]
You take 8 damage, and now have 16/32 hp.
MASSIVE DAMAGE!! (PAUSE)
Casting: Sandblast (safe; 3% risk of failure)
Confirm with . or Enter, or press ? or * to list all spells.
Aiming: Sandblast (safe; 3% risk of failure)
Press: ? - help, Shift-Dir - straight line, f/p - scorpion
Aim: a scorpion (almost dead, 84% to hit)
The blast of sand hits the scorpion.
You kill the scorpion!
The howler monkey hits you but does no damage.
The endoplasm freezes you.
You are frozen.
* * * LOW HITPOINT WARNING * * *
The endoplasm hits you but does no damage.
The hobgoblin hits you but does no damage.
The howler monkey hoots and howls with incredible vigour!
Your Conjurations skill increases to level 2!
You have reached level 7! 😨 MP[-1]
You now have 36 max hp (+4).
Casting: Sandblast (safe; 3% risk of failure)
Confirm with . or Enter, or press ? or * to list all spells.
Aiming: Sandblast (safe; 3% risk of failure)
Press: ? - help, Shift-Dir - straight line, f - dart slug
Aim: a dart slug (100% to hit)
The blast of sand hits the dart slug!!
You kill the dart slug!
The howler monkey hits you.
* * * LOW HITPOINT WARNING * * *
The endoplasm freezes you.
You are frozen.
* * * LOW HITPOINT WARNING * * *
The hobgoblin hits you but does no damage. 😨 HP[-4] MP[-1]
You take 4 damage, and now have 12/36 hp.
You lost 1 mp, and now have 4/12 mp.
The howler monkey attacks as you move away!
The howler monkey closely misses you. The howler monkey hits you.
* * * LOW HITPOINT WARNING * * *
😱 HP[-5]
You take 5 damage, and now have 7/36 hp.
The howler monkey attacks as you move away!
The howler monkey hits you but does no damage.
The hobgoblin hits you but does no damage.
The endoplasm attacks as you move away!
The endoplasm hits you but does no damage.
The howler monkey hoots and howls with incredible vigour!
Unknown command.
Casting: Sandblast (safe; 3% risk of failure)
Confirm with . or Enter, or press ? or * to list all spells.
Aiming: Sandblast (safe; 3% risk of failure)
Press: ? - help, Shift-Dir - straight line, f - hobgoblin
Aim: a hobgoblin (84% to hit)
The blast of sand hits the hobgoblin but does no damage.
The hobgoblin hits you but does no damage.
The endoplasm freezes you.
You are frozen.
* * * LOW HITPOINT WARNING * * *
The howler monkey hits you but does no damage.
The endoplasm freezes you.
You are frozen.
You die...

Skill      XL: |  1  2  3  4  5  6 |
---------------+-------------------+-----
Earth Magic    | 4 5 6 7 |  7.1
Armour         | 1 2 |  2.8
Spellcasting   | 3 |  3.6
Conjurations   | 2 |  2.0
Dodging        | |  1.5
Stealth        | |  2.1
Transmutations | |  0.7

Action                     |  1- 3 |  4- 6 |  7- 9 || total
---------------------------+-------+-------+-------++-------
  Melee: Unarmed           |     3 |       |       ||     3
         Staff             |     6 |     3 |       ||     9
   Cast: Sandblast         |    58 |    67 |     2 ||   127
         Passwall          |       |     1 |       ||     1
    Use: Scroll            |       |     4 |       ||     4
 Armour: Robe              |    26 |       |       ||    26
         Scale mail        |     7 |    58 |     6 ||    71
  Dodge: Dodged            |    35 |    30 |     1 ||    66

Levels and vault maps discovered:
D:1:      minmay_arrival_nine_rooms, layout_loops_ring,
          shapermc_ecumenical_altar_flowoftime
D:2:      layout_rooms, chequers_jeans, uniq_robin
D:3:      layout_rooms, tso_oasis_becter, dancing_weapons_uskayaw,
          gammafunk_temple_overflow_forgotten, serial_glass, glass_columns_a,
          glass_columns_c, gammafunk_ghost_arena, fountainhead
D:4:      layout_basic, minmay_bent

Notes
Turn   | Place    | Note
-------+----------+-------------------------------------------
     0 | D:1      | kae the Gargoyle Earth Elementalist began the quest for the
                  | Orb.
     0 | D:1      | Reached XP level 1. HP: 10/10 MP: 3/3
     0 | D:1      | magus.rc [v1.11.3]
   116 | D:1      | Reached skill level 4 in Earth Magic
   121 | D:1      | Reached XP level 2. HP: 15/15 MP: 1/5
   603 | D:1      | Found a faded altar of an unknown god.
   804 | D:1      | Learned a level 2 spell: Passwall
   816 | D:2      | Noticed a black bear
   849 | D:2      | Noticed Robin
   860 | D:1      | Reached XP level 3. HP: 13/19 MP: 4/6
   864 | D:1      | Learned a level 3 spell: Stone Arrow
   940 | D:2      | Killed Robin
  1006 | D:2      | Reached skill level 5 in Earth Magic
  1090 | D:2      | Identified the +3 scale mail of the Sun {rElec rPois rCorr
                  | Int+4}
  1196 | D:2      | Killed a black bear
  1197 | D:2      | Reached skill level 1 in Armour
  1197 | D:2      | Reached skill level 3 in Spellcasting
  1197 | D:2      | Reached XP level 4. HP: 12/24 MP: 1/8
  1197 | D:2      | Reached XP level 5. HP: 14/28 MP: 1/9
  1785 | D:3      | Reached skill level 6 in Earth Magic
  1793 | D:3      | Learned a level 4 spell: Petrify
  1886 | D:3      | Found a transporter.
  1891 | D:3      | Found a transporter.
  1928 | D:3      | Found a shimmering blue altar of Sif Muna.
  1945 | D:3      | Found a basalt altar of Yredelemnul.
  1956 | D:3      | Noticed Athor's ghost (amateur FoHu)
  1999 | D:3      | You pick up a book of Cantrips and begin reading...
  1999 | D:3      | You add the spells Necrotise, Summon Small Mammal and
                  | Apportation to your library.
  2061 | D:3      | Noticed a +0 dagger
  2062 | D:3      | Noticed a +0 dagger
  2065 | D:3      | Found a hide-covered altar of Uskayaw.
  2145 | D:3      | Found a glowing golden altar of the Shining One.
  2176 | D:3      | Found a sparkling altar of Nemelex Xobeh.
  2354 | D:3      | Noticed a centaur
  2362 | D:3      | Killed a centaur
  2363 | D:3      | Reached skill level 2 in Armour
  2363 | D:3      | Reached XP level 6. HP: 12/32 MP: 5/11
  2685 | D:3      | Reached skill level 1 in Conjurations
  2721 | D:4      | Reached skill level 7 in Earth Magic
  2817 | D:4      | Reached skill level 2 in Conjurations
  2817 | D:4      | Reached XP level 7. HP: 16/36 MP: 5/12
  2818 | D:4      | HP: 7/36 [howler monkey (6)]
  2821 | D:4      | HP: 2/36 [frozen (5)]
  2821 | D:4      | Frozen to death by an endoplasm

Vanquished Creatures
  A black bear (D:2)
  A centaur (D:3)
  2 scorpions (D:4)
  2 orc priests
  Robin (D:2)
  3 adders
  3 dart slugs
  An orc (D:3)
  7 ball pythons
  3 bats
  6 endoplasms
  3 giant cockroaches
  14 goblins
  7 hobgoblins
  4 jackals
  3 kobolds
  3 quokkas
  4 frilled lizards
  5 rats
73 creatures vanquished.

Table legend:
 A = Non-vault XP
 B = Vault XP
 C = Vault XP percentage of total XP
 D = Non-vault monster count
 E = Vault monster count
 F = Vault count percentage of total count
                 A         B        C        D         E       F
            +---------+---------+-------+---------+---------+-------
      Total |     528 |     126 |  19.3 |      57 |      16 |  21.9
            +---------+---------+-------+---------+---------+-------
        D:1 |      33 |       6 |  15.4 |      17 |       3 |  15.0
        D:2 |     154 |      28 |  15.4 |      17 |       8 |  32.0
        D:3 |     200 |       2 |   1.0 |      19 |       1 |   5.0
        D:4 |     141 |      90 |  39.0 |       4 |       4 |  50.0
            +---------+---------+-------+---------+---------+-------

Illustrated notes

Table legend:
 A = Kills in this place as a percentage of kills in entire the game.
 B = Kills by you in this place as a percentage of kills by you in the entire game.
 C = Kills by friends in this place as a percentage of kills by friends in the entire game.
 D = Other kills in this place as a percentage of other kills in the entire game.
 E = Experience gained in this place as a percentage of experience gained in the entire game.
 F = Experience gained in this place divided by the number of levels of this place that you have seen.
                   A       B       C       D       E      F
               +-------+-------+-------+-------+-------+----------------------
         Total | 100.0 | 100.0 |   N/A |   N/A | 100.0 | 163.5
       Dungeon | 100.0 | 100.0 |   N/A |   N/A | 100.0 | 163.5
               +-------+-------+-------+-------+-------+----------------------

Table legend: (Time is in decaauts)
 A = Elapsed time spent in this place.
 B = Non-inter-level travel time spent in this place.
 C = Inter-level travel time spent in this place.
 D = Time resting spent in this place.
 E = Time spent auto-exploring this place.
 F = Levels seen in this place.
 G = Mean time per level.
                   A        B        C        D        E       F      G
               +--------+--------+--------+--------+--------+-----+--------+
         Total |   2891 |   2790 |    101 |    252 |   2040 |   4 |  722.8 |
       Dungeon |   2891 |   2790 |    101 |    252 |   2040 |   4 |  722.8 |
               +--------+--------+--------+--------+--------+-----+--------+

Top non-repeatable levels by time:
     D:1: 1101 daAuts
     D:3: 901 daAuts
     D:2: 722 daAuts
     D:4: 165 daAuts
